 Dungeon Crawl Stone Soup version 0.23.2-32-g37ab1d4649 (webtiles) character file.

Game seed: 18385836368290422411

36 FABLE the Skirmisher (level 3, -12/49 HPs)
             Began as a Draconian Berserker on June 25, 2019.
             Was a Follower of Trog.
             Mangled by an orc warrior
             ... wielding a +0 glaive
              (13 damage)
             ... on level 6 of the Dungeon.
             The game lasted 00:06:17 (572 turns).

FABLE the Skirmisher (Draconian Berserker)           Turns: 572, Time: 00:06:18

Health: -12/49     AC:  5    Str: 25    XL:     3   Next: 19%
Magic:  3/3        EV: 13    Int:  7    God:    Trog [*.....]
Gold:   15         SH:  0    Dex: 10    Spells: 2/2 levels left

rFire    + . .     SeeInvis .   a - +0 falchion
rCold    + . .     Gourm    .   (no shield)
rNeg     . . .     Faith    .   (armour unavailable)
rPois    .         Spirit   .   (helmet restricted)
rElec    .         Reflect  .   j - scarf {rC+ rF+}
rCorr    .         Harm     .   (no gloves)
MR       .....                  (no boots)
Stlth    ..........             (no amulet)
HPRegen  0.16/turn              (no ring)
MPRegen  0.08/turn              (no ring)

@: berserking, very quick
A: unfitting armour, cold-blooded, AC +5
a: Berserk, Renounce Religion


You were on level 6 of the Dungeon.
You worshipped Trog.
Trog was aware of your devotion.
You were not hungry.

You visited 1 branch of the dungeon, and saw 5 of its levels.

You collected 15 gold pieces.

Inventory:

Hand Weapons
 a - a +0 falchion (weapon)
Missiles
 h - 12 poisoned needles
Armour
 e - a +0 robe
 j - a scarf of resistance (worn)
Jewellery
 i - an uncursed ring of poison resistance {unknown}
Potions
 c - a potion of heal wounds {unknown}
 d - a potion of flight
 g - a potion of cancellation {unknown}
Comestibles
 b - 3 rations
 f - 3 chunks of flesh


   Skills:
 + Level 3.9 Fighting
 + Level 3.4 Long Blades
 + Level 3.1 Dodging


You had 2 spell levels left.
You didn't know any spells.
Your spell library was empty.

Dungeon Overview and Level Annotations

Branches:
Dungeon (6/15)             Temple (0/1) D:4

Altars:


Innate Abilities, Weirdness & Mutations

Your plain brown scales are hard. (AC +5)
You cannot fit into any form of body armour.
You are cold-blooded and may be slowed by cold attacks.


Message History

The orc wizard is moderately wounded.
The orc wizard hits you with a +0 dagger.
You see here a jackal skeleton.
You barely miss the orc wizard.
The orc wizard is moderately wounded.
The orc warrior misses you.
The orc wizard hits you with a +0 dagger.
A red film seems to cover your vision as you go berserk!
You feel yourself moving faster!
You feel mighty!
You feel a lot more hungry.
The orc wizard hits you with a +0 dagger.
The orc warrior hits you from afar with a +0 glaive!
* * * LOW HITPOINT WARNING * * *
The orc wizard hits you but does no damage.
You hit the orc wizard.
Your tail-slap misses the orc wizard.
The orc wizard is moderately wounded.
The orc wizard hits you with a +0 dagger.
* * * LOW HITPOINT WARNING * * *
An orc comes into view. It is wielding a +0 dagger.
The orc warrior hits you from afar with a +0 glaive!
You die...

.h. #o# #.#
#.# #o####
###....#.#.
#ho........
#o####.....
#######@#
##.
........#
#########


You could see an orc warrior, an orc wizard, an orc and a jackal.

Vanquished Creatures
  An adder (D:4)
  A shadow imp (D:4)
  2 worms
  An orc (D:6)
  2 goblins
  2 hobgoblins (D:2)
  A jackal (D:6)
  A kobold (D:1)
  4 rats
  A butterfly (D:4)
16 creatures vanquished.

Notes
Turn   | Place    | Note
-------+----------+-------------------------------------------
     0 | D:1      | FABLE the Draconian Berserker began the quest for the Orb.
     0 | D:1      | Reached XP level 1. HP: 19/19 MP: 1/1
   243 | D:2      | Reached XP level 2. HP: 26/26 MP: 2/2
   299 | D:2      | You fall through a shaft for 2 floors!
   335 | D:4      | Found a staircase to the Ecumenical Temple.
   347 | D:4      | Reached XP level 3. HP: 26/33 MP: 3/3
   434 | D:5      | Entered Level 5 of the Dungeon
   552 | D:6      | Noticed an orc warrior
   571 | D:6      | HP: 2/49 [orc warrior/+0 glaive (17)]
   572 | D:6      | Mangled by an orc warrior

Skill      XL: |  1  2 |
---------------+-------+-----
Dodging        | 3 |  3.1
Fighting       | |  3.9
Long Blades    | |  3.4

Action                   || total
-------------------------++-------
Melee: Falchion          ||    63
       Tailslap          ||     4
Invok: Berserk           ||     1
  Use: Scroll            ||     1
       Potion            ||     1
Armor: Skin              ||    11
Dodge: Dodged            ||    22
       Rpst.: Falchion   ||     6
